 Dungeon Crawl Stone Soup version 0.31.0-12-g77e489cdc1 (webtiles) character file.

Game seed: 255056650223980831

2192 ipagaxi the Covert (level 9, -9/45 HPs)
             Began as a Deep Elf Summoner on Feb 20, 2024.
             Was a Believer of Cheibriados.
             Mangled by a hornet (17 damage)
             ... on level 8 of the Dungeon.
             The game lasted 01:19:18 (8831 turns).

ipagaxi the Covert (Deep Elf Summoner)              Turns: 8831, Time: 01:19:18

Health: -9/45      AC:  3    Str:  9    XL:     9   Next: 12%
Magic:  24/24      EV: 13    Int: 34    God:    Cheibriados [**....]
Gold:   495        SH:  0    Dex: 19    Spells: 8/27 levels left

rFire   . . .        c - staff of conjuration
rCold   . . .        (no shield)
rNeg    . . .        o - +1 robe of Classification {+Inv rPois}
rPois   +            (no helmet)
rElec   .            (no cloak)
rCorr   .            (no gloves)
SInv    .            (no boots)
Will    .....        (no amulet)
Stlth   ++++         v - +4 ring of slaying
HPRegen 0.27/turn    a - ring of poison resistance
MPRegen 0.19/turn

%: no passive effects
@: marked, very slow
A: talons 1, clever 1
a: Renounce Religion, Evoke Invisibility, Bend Time


You were on level 8 of the Dungeon.
You worshipped Cheibriados.
Cheibriados was pleased with you.
You visited 2 branches of the dungeon, and saw 9 of its levels.

You collected 1353 gold pieces.
You spent 858 gold pieces at shops.

Inventory:

Hand Weapons
 q - a +1 mace
Armour
 o - the +1 robe of Classification (worn) {+Inv rPois}
   (You found it on level 2 of the Dungeon)

   rPois:     It protects you from poison +Inv: It lets you turn invisible.
Magical Staves
 c - a staff of conjuration (weapon)
 l - a staff of fire
 p - a staff of cold
Jewellery
 a - a ring of poison resistance (right hand)
 v - a +4 ring of slaying (left hand)
Talismans
 r - a serpent talisman
Wands
 t - a wand of light (9)
 w - a wand of flame (27)
Scrolls
 h - 4 scrolls of fog
 m - a scroll of teleportation
 u - a scroll of identify
Potions
 b - a potion of magic
 d - a potion of curing
 e - 3 potions of invisibility
 f - 4 potions of attraction
 g - a potion of berserk rage
 i - a potion of might
 j - a potion of mutation
 k - 4 potions of degeneration
 n - 2 potions of haste
 s - 2 potions of heal wounds
 x - a potion of lignification {unknown}


   Skills:
 - Level 2.8 Dodging
 + Level 9.5 Stealth
 + Level 9.5 Spellcasting
 + Level 8.8 Summonings


You had 8 spell levels left.
You knew the following spells:

 Your Spells              Type           Power      Damage    Failure   Level
a - Summon Small Mammal   Summ           100%       N/A       1%          1
b - Call Imp              Summ           100%       N/A       1%          2
c - Call Canine Familiar  Summ           66%        N/A       1%          3
d - Blink                 Tloc           32%        N/A       4%          2
e - Summon Blazeheart Go  Fire/Summ      46%        N/A       4%          4
f - Stone Arrow           Conj/Erth      48%        3d10      9%          3
g - Summon Lightning Spi  Summ/Air       46%        N/A       4%          4

Your spell library contained the following spells:

 Spells                   Type           Power      Damage    Failure   Level
 Necrotise                Necr           64%        1d7       2%          1
 Sandblast                Erth           32%        2d9       2%          1
 Lesser Beckoning         Tloc           32%        N/A       4%          2
 Momentum Strike          Conj/Tloc      48%        3d9       4%          2
 Martyr's Knell           Necr/Summ      46%        N/A       4%          4
 Dazzling Flash           Conj/Hex       48%        N/A       9%          3
 Passwall                 Erth           16%        N/A       9%          3
 Vampiric Draining        Necr           16%        2d7       9%          3
 Volatile Blastmotes      Fire/Tloc      32%        2d12      9%          3
 Brom's Barrelling Bould  Conj/Erth      24%        2d5       28%         4
 Leda's Liquefaction      Alch/Erth      8%         N/A       28%         4
 Monstrous Menagerie      Summ           33%        N/A       54%         7
 Curse of Agony           Necr           16%        N/A       61%         5
 Lee's Rapid Deconstruct  Erth           8%         3d7*      61%         5
 Haunt                    Necr/Summ      23%        N/A       98%         7
 Malign Gateway           Summ/Tloc      23%        N/A       98%         7
 Bombard                  Conj/Erth      12%        9d3       99%         6
 Starburst                Conj/Fire      12%        6d5       99%         6
 Summon Horrible Things   Summ           33%        N/A       99%         8
 Maxwell's Capacitive Co  Air            8%         ∞         100%        8


Dungeon Overview and Level Annotations

Branches:
Dungeon (8/15)             Temple (1/1) D:6
   Lair: D:8-11

Altars:
Ashenzari
Cheibriados
Dithmenos
Elyvilon
Fedhas
Gozag
Hepliaklqana
Kikubaaqudgha
Makhleb
Nemelex Xobeh
Okawaru
Qazlal
Sif Muna
Trog
Uskayaw
Vehumet
Wu Jian
Xom
Yredelemnul
Zin
The Shining One

Shops:
D:6 :


Innate Abilities, Weirdness & Mutations

You have sharp toenails.
Your mind is acute. (Int +4, Str/Dex -1)


Message History

You feel sick. The bullfrog hits your cerulean imp.
Your cerulean imp dies!
Your cerulean imp disappears in a puff of smoke!
Casting: Call Imp (safe; 1% risk of failure)
Confirm with . or Enter, or press ? or * to list all spells.
You call for your canine familiar and it appears with a howl!
You feel sick. The bullfrog misses you.
You feel sick. The bullfrog attacks as it pursues you!
The bullfrog misses you. x2
You feel sick.
Your inugami barely misses the bullfrog.
The bullfrog misses you.
Your inugami closely misses the bullfrog.
You feel sick.
The bullfrog hits your inugami but does no damage.
The bullfrog closely misses your inugami.
Your inugami misses the bullfrog. The bullfrog misses your inugami.
You feel sick.
You are no longer poisoned.
The bullfrog closely misses your inugami.
Your inugami hits the bullfrog.
The bullfrog hits your inugami but does no damage.
Your inugami misses the bullfrog. The bullfrog misses your inugami.
The bullfrog misses your inugami.
Your inugami completely misses the bullfrog.
The bullfrog hits your inugami but does no damage.
Your inugami hits the bullfrog!
The bullfrog dies!
Cheibriados appreciates the change of pace.
You start resting.
HP restored.
You start resting.
Your inugami disappears in a puff of smoke!
Magic restored.
There is a stone staircase leading down, spattered with blood here.
You climb downwards.
The hornet stings you! x2
There is a stone staircase leading up, spattered with blood here.
The hornet stings you!
* * * LOW HITPOINT WARNING * * *
The hornet stings you!
You die...

#.$. ...oo#
#... #####.#
#... ..# #KK#
### #.K##
#.o.#######
#.........
#..######
#.@#
#.....y......
#.#$#........
# #..........
#..##......
#.. ######.
.###...###
###^.$...^##
#^...#...^#


You could see a hornet, a kobold brigand, an orc wizard and 2 kobolds.

Vanquished Creatures
  An adder (D:2)
  3 bats
  A hobgoblin (D:1)
  2 quokkas
  6 ball pythons
  A frilled lizard (D:3)
  2 rats (D:1)
16 creatures vanquished.

Vanquished Creatures (collateral kills)
  A vault sentinel (D:8)
  A water moccasin (D:6)
  A black bear (D:7)
  2 ogres (D:7)
  3 centaurs
  A phantom (D:4)
  2 bullfrogs (D:7)
  5 scorpions
  2 bombardier beetles
  3 hounds
  A gnoll bouda (D:7)
  3 sleepcaps
  4 iguanas
  Natasha (thrice) (D:3)
  3 orc wizards (D:6)
  6 gnolls
  5 adders
  A shadow imp (D:7)
  A white imp (D:6)
  4 dart slugs
  2 ribbon worms
  14 orcs
  4 bats
  3 endoplasms
  14 giant cockroaches
  6 goblins
  6 hobgoblins
  4 ball pythons
  4 frilled lizards
  5 kobolds
  6 rats
120 creatures vanquished.

Grand Total: 136 creatures vanquished

Notes
Turn   | Place    | Note
-------+----------+-------------------------------------------
     0 | D:1      | ipagaxi the Deep Elf Summoner began the quest for the Orb.
     0 | D:1      | Reached XP level 1. HP: 10/10 MP: 6/6
    21 | D:1      | Reached XP level 2. HP: 15/15 MP: 5/8
    60 | D:1      | Learned a level 2 spell: Call Imp
   352 | D:1      | Reached XP level 3. HP: 12/19 MP: 10/10
   851 | D:1      | Learned a level 3 spell: Call Canine Familiar
  1408 | D:2      | Identified the +1 robe of Classification {+Inv rPois}
  1677 | D:2      | Reached XP level 4. HP: 24/24 MP: 6/12
  1683 | D:2      | Reached skill level 5 in Summonings
  1758 | D:2      | Learned a level 2 spell: Blink
  2873 | D:3      | Noticed Natasha
  2880 | D:3      | Killed Natasha
  2897 | D:3      | Noticed Natasha
  2912 | D:3      | Killed Natasha
  2913 | D:3      | Reached XP level 5. HP: 9/28 MP: 14/14
  2997 | D:3      | Learned a level 4 spell: Summon Blazeheart Golem
  3033 | D:3      | Noticed Natasha
  3043 | D:3      | Killed Natasha
  3165 | D:3      | Reached skill level 5 in Spellcasting
  3173 | D:3      | Gained mutation: Your mind is acute. (Int +4, Str/Dex -1)
                  | [potion of mutation]
  3173 | D:3      | Gained mutation: You have sharp toenails. [potion of
                  | mutation]
  3899 | D:4      | Reached skill level 5 in Stealth
  3913 | D:4      | Reached XP level 6. HP: 32/32 MP: 8/15
  4879 | D:4      | Learned a level 3 spell: Stone Arrow
  4967 | D:4      | Reached XP level 7. HP: 23/28 MP: 10/18
  5237 | D:4      | Found a snail-covered altar of Cheibriados.
  5237 | D:4      | Found a glowing silver altar of Zin.
  5295 | D:4      | Found a faded altar of an unknown god.
  5297 | D:4      | Found an ancient bone altar of Kikubaaqudgha.
  5303 | D:4      | Found a faded altar of an unknown god.
  5410 | D:4      | Prayed at the altar of an unknown god.
  5410 | D:4      | Became a worshipper of Cheibriados the Contemplative
  5410 | D:4      | Reached * piety under Cheibriados
  5592 | D:5      | Entered Level 5 of the Dungeon
  6415 | D:6      | Found Pamejioz's Self-Published Books.
  6617 | D:6      | Identified a scroll of acquirement
  6618 | D:6      | Acquired 983 gold pieces
  6770 | D:6      | Bought Vyecetho's Octavo of the Grander Grimoire for 858
                  | gold pieces
  6779 | D:6      | Learned a level 4 spell: Summon Lightning Spire
  6870 | D:6      | Found a staircase to the Ecumenical Temple.
  6887 | Temple   | Entered the Ecumenical Temple
  7064 | D:6      | Reached XP level 8. HP: 41/41 MP: 4/21
  7406 | D:6      | Reached ** piety under Cheibriados
  8008 | D:7      | Found a shimmering blue altar of Sif Muna.
  8093 | D:7      | Found a hazy altar of Hepliaklqana.
  8094 | D:7      | Found a broken altar of Ashenzari.
  8329 | D:7      | Found a bloodstained altar of Trog.
  8646 | D:8      | Noticed a vault sentinel
  8646 | D:8      | Found the +18 shield of the Gong {Loud rN+ Will+ rCorr
                  | EV-5}
  8648 | D:8      | Noticed a vault sentinel
  8655 | D:8      | Killed a vault sentinel
  8656 | D:8      | Reached XP level 9. HP: 40/45 MP: 8/24
  8831 | D:8      | Mangled by a hornet

Illustrated notes

Levels and vault maps discovered:
D:1:      reono_arrival_mine, layout_basic, grunt_decor_junction, minmay_tripent
D:2:      minmay_roachtagon, layout_loops_corners, dreamdust_wishing_well,
          chequers_serial_rivers_marsh, minmay_misc_feat_ornament,
          skrybe_limestone_x, minmay_misc_feat_rugged, kennysheep_generic_room_3
D:3:      layout_basic, uniq_natasha
D:4:      layout_loops_ring, chequers_temple_overflow_minitemple,
          kennysheep_path_1
D:5:      layout_basic, hangedman_decor_clover_reticule
D:6:      layout_loops_ring, minmay_temple_entry_butterflies,
          nicolae_custom_books
D:7:      layout_loops_ring, nicolae_overflow_hidden_temple, old_standard_altar,
          nrook_mini_backslash
D:8:      layout_loops_ring, hellmonk_guarded_unrand_gong, uniq_gastronok
Temple:   nicolae_temple_two_arcs

Skill      XL: |  1  2  3  4  5  6  7  8 |
---------------+-------------------------+-----
Stealth        | 3 4 5 6 7 9 |  9.5
Spellcasting   | 4 5 6 7 9 |  9.5
Summonings     | 5 6 7 8 |  8.8
Dodging        | |  2.8

Action                     |  1- 3 |  4- 6 |  7- 9 || total
---------------------------+-------+-------+-------++-------
  Melee: Unarmed           |     2 |       |       ||     2
         Whip              |    24 |     7 |       ||    31
         Mace              |       |    14 |       ||    14
         Staff             |       |       |     1 ||     1
   Cast: Summon Small Mamm |    12 |    29 |    25 ||    66
         Call Imp          |    22 |    16 |    35 ||    73
         Call Canine Famil |     2 |     8 |    21 ||    31
         Summon Blazeheart |       |     3 |     8 ||    11
         Blink             |       |       |     6 ||     6
         Summon Lightning  |       |       |     5 ||     5
         Stone Arrow       |       |       |     1 ||     1
    Use: Scroll            |     6 |     4 |     6 ||    16
         Potion            |       |     5 |     1 ||     6
   Stab: Sleeping          |     1 |     3 |       ||     4
 Armour: Robe              |    24 |    20 |    31 ||    75
         Leather armour    |     2 |       |       ||     2
  Dodge: Dodged            |    46 |    34 |    51 ||   131
